 Dungeon Crawl Stone Soup version 0.30.1 (webtiles) character file.

Game seed: 3386707469375775776

26551 croobank the Thaumaturge (level 12, -2/100 HPs)
             Began as a Demigod Delver on July 1, 2023.
             Killed from afar by a molten gargoyle (26 damage)
             ... with a bolt of magma
             ... on level 3 of the Lair of Beasts.
             The game lasted 01:12:24 (17719 turns).

croobank the Thaumaturge (Demigod Delver)          Turns: 17719, Time: 01:12:25

Health: -2/100     AC:  6    Str: 19    XL:     12   Next: 62%
Magic:  0/28       EV: 18    Int: 30    God:
Gold:   717        SH:  8    Dex: 29    Spells: 21/28 levels left

rFire   . . .        b - +6 sling of Moral Flaws {drain, Int+2 Dex+8}
rCold   + . .        l - +1 buckler
rNeg    . . .        t - +2 leather armour {rC+}
rPois   .            z - melded +1 helmet
rElec   .            H - scarf {+Inv}
rCorr   .            q - +0 pair of gloves
SInv    .            r - melded +0 pair of boots
Will    +....        K - amulet of guardian spirit
Stlth   ++++         h - +6 ring of dexterity
HPRegen 0.36/turn    j - +6 ring of strength
MPRegen 0.21/turn

%: guardian spirit
@: about to teleport, appendages, wereblooded, very slightly contaminated
A: horns 2, talons 2, high MP 1, forlorn, divine attributes
a: End Transformation, Evoke Invisibility


You were on level 3 of the Lair of Beasts.
You had temporarily grown beastly horns and talons.
You visited 2 branches of the dungeon, and saw 12 of its levels.

You collected 909 gold pieces.
You spent 192 gold pieces at shops.

Inventory:

Hand Weapons
 a - a +4 dagger of venom
 b - the +6 sling of Moral Flaws (weapon) {drain, Int+2 Dex+8}
   (You found it on level 5 of the Dungeon)

   Int:       It affects your intelligence (+2).
   Dex:       It affects your dexterity (+8).
 e - a +4 hand axe
 w - a +0 morningstar
 y - a +0 arbalest
 E - a +1 dagger of chaos
 M - a +2 dagger of freezing
 N - a +3 morningstar
 O - a +3 falchion
 P - a +0 long sword
 Q - a +4 spear
 S - a +0 demon whip of venom
Missiles
 n - 19 poisoned darts
 L - a curare-tipped dart
Armour
 f - +0 steam dragon scales
 l - a +1 buckler (worn)
 p - a +0 kite shield
 q - a +0 pair of gloves (worn)
 r - a +0 pair of boots (melded)
 t - a +2 leather armour of cold resistance (worn)
 x - a +0 ring mail
 z - a +1 helmet (melded)
 H - a scarf of invisibility (worn)
Jewellery
 h - a +6 ring of dexterity (left hand)
 j - a +6 ring of strength (right hand)
 m - a ring of positive energy
 s - a ring of resist corrosion
 F - a ring of positive energy
 J - a ring of ice
 K - an amulet of guardian spirit (around neck)
Wands
 g - a wand of digging (3)
 u - a wand of flame (34)
 G - a wand of mindburst (4)
Scrolls
 c - 4 scrolls of fog
 d - 4 scrolls of magic mapping
 o - a scroll of enchant armour
 B - a scroll of vulnerability
 D - a scroll of amnesia
 V - 4 scrolls of identify
Potions
 i - 2 potions of brilliance
 k - 4 potions of flight
 v - 6 potions of curing
 A - 3 potions of mutation
 C - 2 potions of lignification
 I - a potion of attraction
 T - 3 potions of cancellation
 U - 2 potions of resistance
 W - a potion of haste


   Skills:
 + Level 7.1 Fighting
 - Level 4.0 Short Blades
 - Level 1.6 Ranged Weapons
 + Level 6.7 Dodging
 - Level 6.2 Stealth
 - Level 4.0 Shields
 + Level 8.5 Spellcasting
 - Level 8.2 Conjurations
 - Level 8.4 Translocations
 - Level 7.9 Transmutations


You had 21 spell levels left.
You knew the following spells:

 Your Spells              Type           Power      Damage    Failure   Level
a - Beastly Appendage     Tmut           100%       N/A       1%          1
b - Wereblood             Tmut           57%        N/A       1%          2
c - Iskenderun's Mystic   Conj/Tloc      58%        2d12      1%          4

Your spell library contained the following spells:

 Spells                   Type           Power      Damage    Failure   Level
 Apportation              Tloc           100%       N/A       1%          1
 Shock                    Conj/Air       100%       1d9       1%          1
 Passwall                 Tmut/Erth      30%        N/A       1%          2
 Spider Form              Tmut/Pois      36%        N/A       3%          3
 Volatile Blastmotes      Fire/Tloc      74%        2d16      3%          3
 Necrotise                Necr           48%        1d6       6%          1
 Summon Small Mammal      Summ           48%        N/A       6%          1
 Flame Wave               Conj/Fire      37%        2d10      11%         4
 Fulminant Prism          Conj/Hex       18%        3d10      11%         4
 Sticky Flame             Conj/Fire      37%        2d6       11%         4
 Inner Flame              Hex/Fire       12%        N/A       19%         3
 Swiftness                Air            12%        N/A       19%         3
 Airstrike                Air            6%         2d(1-17)  52%         4
 Animate Dead             Necr           12%        N/A       52%         4
 Lee's Rapid Deconstruct  Erth           6%         3d6*      86%         5
 Haunt                    Necr/Summ      6%         N/A       100%        7
 Infestation              Necr           6%         N/A       100%        8
 Lehudib's Crystal Spear  Conj/Erth      18%        10d6      100%        8
 Shatter                  Erth           6%         3d9*      100%        9


Dungeon Overview and Level Annotations

Branches:
Dungeon (9/15)             Temple (0/1) D:5            Lair (3/5) D:8
  Swamp (0/4) Lair:3       Spider (0/4) Lair:2
    Orc: D:9-12

Shops:
D:7 *

Annotations:
D:2 1 runed translucent door, Crazy Yiuf


Innate Abilities, Weirdness & Mutations

You have temporarily grown beastly horns and talons.
You have an increased reservoir of magic. (+10% MP)
You shall have no god before yourself.
Your divine heritage dramatically boosts your attributes as you level up.


Message History

The molten gargoyle closely misses you. You block the lava snake's attack.
As you read the scroll of teleportation, it crumbles to dust.
You feel strangely unstable. The molten gargoyle misses you.
The lava snake completely misses you. You block the lava snake's attack.
Casting: Iskenderun's Mystic Blast (mildly dangerous; 1% risk of failure)
Confirm with . or Enter, or press ? or * to list all spells.
You erupt in a blast of force!
The mystic blast hits the molten gargoyle but does no damage.
The molten gargoyle is heavily damaged.
The mystic blast hits the lava snake!
The lava snake is almost dead.
The lava snake is knocked back by the mystic blast.
The lava snake slams into the rock wall!
You kill the lava snake!
The mystic blast hits the lava snake!
The lava snake is severely wounded.
The lava snake is knocked back by the mystic blast.
The mystic blast hits the molten gargoyle!
The molten gargoyle is heavily damaged.
The molten gargoyle is knocked back by the mystic blast.
The molten gargoyle slams into the rock wall!
The molten gargoyle is severely damaged.
You block the molten gargoyle's attack. The molten gargoyle barely misses you.
Fire: b) +6 sling of Moral Flaws {drain, Int+2 Dex+8}
Press: ? - help, Q - select action, (/) - cycle Shift-Dir - straight line, f/p - molten gargoyle
Aim: a molten gargoyle, wielding a +0 morningstar of protection (heavily damaged, 80% to hit)
Okay, then.
Fire: b) +6 sling of Moral Flaws {drain, Int+2 Dex+8}
Press: ? - help, Q - select action, (/) - cycle Shift-Dir - straight line, f - molten gargoyle, p - molten gargoyle
Aim: a molten gargoyle, wielding a +0 flail (severely damaged, 80% to hit)
You shoot a sling bullet.
The sling bullet hits the molten gargoyle.
The molten gargoyle is severely damaged.
You howl as the wereblood boils in your veins!
The molten gargoyle hits you with a +0 morningstar of protection!
You are engulfed in flames!
* * * LOW HITPOINT WARNING * * *
The molten gargoyle blasts magma at you!
The bolt of magma hits you!!
You die...

#................
##................
#P......##..##....
##.....###..# .
##.....#§§..#
#......#§≈..##
##.....#≈≈≈..#
#......#≈≈≈..#
##.....#§≈≈@9#
#......#≈§≈≈9.#
##.....##≈≈S##..#
#......##≈≈# #....
#### ##.......#§≈≈
#≈≈. #..##
#........#≈≈§ #≈≈
##....
#........##≈≈ ≈≈
##.....
##........##≈§
##......
#..........#####
##.......


You could see 2 molten gargoyles and a lava snake.

Vanquished Creatures
  Fannar (Lair:3)
  2 boulder beetles (Lair:2)
  Amaemon (Lair:2)
  A cyclops (D:6)
  An orange demon (Lair:2)
  8 cane toads
  Psyche (D:9)
  3 rime drakes
  5 komodo dragons
  2 ice devils (Lair:1)
  A queen bee (D:9)
  4 polar bears
  2 jumping spiders (Lair:2)
  Sigmund (D:3)
  2 wyverns
  33 yaks
  A basilisk (Lair:1)
  Eustachio (D:6)
  3 steam dragons
  Menkaure (D:5)
  An acid dragon (D:7)
  14 water moccasins
  Duvessa (D:5)
  3 orc warriors
  An ice beast (D:5)
  2 sky beasts (D:8)
  2 ogres
  9 wolves
  A phantom (D:4)
  A kobold brigand (D:8)
  7 bullfrogs
  A gnoll sergeant (D:7)
  3 scorpions
  14 wights
  Dowan (D:5)
  11 killer bees
  2 electric eels
  2 lava snakes (Lair:3)
  3 crimson imps (D:5)
  4 hounds
  3 orc priests
  A jelly (D:6)
  Jessica (D:2)
  3 iguanas (D:5)
  Ijyb (D:3)
  Natasha (thrice) (D:3)
  A sleepcap (D:5)
  7 orc wizards
  A mummy (D:6)
  5 gnolls
  13 adders
  A white imp (D:5)
  A worm (D:3)
  2 dart slugs
  28 orcs
  6 ball pythons
  5 bats
  5 endoplasms
  3 giant cockroaches
  5 hobgoblins
  10 jackals
  12 kobolds
  6 quokkas
  2 frilled lizards (D:1)
  9 goblins
  2 kobold zombies (D:6)
  A rat (D:2)
294 creatures vanquished.

Notes
Turn   | Place    | Note
-------+----------+-------------------------------------------
     0 | D:5      | croobank the Demigod Delver began the quest for the Orb.
     0 | D:5      | Reached XP level 1. HP: 18/18 MP: 3/3
    43 | D:7      | Noticed a hound
   258 | D:5      | Noticed an iguana
   282 | D:5      | Noticed an iguana
   288 | D:5      | Noticed a sleepcap
   289 | D:5      | Noticed an iguana
   301 | D:4      | Reached XP level 2. HP: 12/25 MP: 4/4
   732 | D:4      | Reached XP level 3. HP: 23/31 MP: 5/5
   795 | D:4      | Noticed a water moccasin
   855 | D:4      | Reached XP level 4. HP: 19/38 MP: 6/6
   943 | D:4      | Reached skill level 5 in Stealth
  1021 | D:3      | Noticed Ijyb
  1025 | D:3      | Killed Ijyb
  1217 | D:2      | Noticed Jessica
  1220 | D:2      | Killed Jessica
  1242 | D:2      | Reached skill level 1 in Spellcasting
  1339 | D:1      | Reached XP level 5. HP: 43/45 MP: 9/9
  2373 | D:2      | Got Sif Muna's Tome of Terra Firma
  2513 | D:2      | Learned a level 1 spell: Beastly Appendage
  2887 | D:2      | Found a runed translucent door.
  2888 | D:2      | Noticed Crazy Yiuf
  3113 | D:3      | Noticed Natasha
  3121 | D:3      | Killed Natasha
  3125 | D:3      | Noticed Sigmund
  3162 | D:3      | Killed Sigmund
  3163 | D:3      | Reached skill level 1 in Translocations
  3163 | D:3      | Reached XP level 6. HP: 52/52 MP: 9/11
  3208 | D:3      | Learned a level 2 spell: Wereblood
  3446 | D:3      | Noticed Natasha
  3458 | D:3      | Killed Natasha
  3659 | D:3      | Noticed Natasha
  3666 | D:3      | Killed Natasha
  3849 | D:4      | Killed a water moccasin
  3958 | D:4      | Reached XP level 7. HP: 41/59 MP: 13/13
  4621 | D:5      | Noticed Menkaure
  4761 | D:5      | Killed Menkaure
  4973 | D:5      | Noticed Duvessa
  4973 | D:5      | Noticed Dowan
  4985 | D:5      | Killed Dowan
  5004 | D:5      | Killed Duvessa
  5182 | D:5      | Reached XP level 8. HP: 22/67 MP: 16/16
  5436 | D:5      | Found a staircase to the Ecumenical Temple.
  5443 | D:5      | Identified the +6 sling of Moral Flaws {drain, Int+2 Dex+8}
  5740 | D:5      | Reached skill level 1 in Ranged Weapons
  5918 | D:6      | Reached skill level 1 in Transmutations
  5958 | D:6      | Noticed Eustachio
  5981 | D:6      | Killed Eustachio
  6316 | D:6      | Noticed a cyclops
  6336 | D:6      | Killed a cyclops
  6337 | D:6      | Reached skill level 5 in Transmutations
  6337 | D:6      | Reached XP level 9. HP: 27/72 MP: 18/18
  7020 | D:7      | Found Meily Miwk's Mayhem Merchandise.
  7270 | D:7      | Bought a wand of iceblast (5) for 192 gold pieces
  8646 | D:7      | Learned a level 4 spell: Iskenderun's Mystic Blast
  8674 | D:7      | Noticed a komodo dragon
  8963 | D:7      | Killed a komodo dragon
  8964 | D:7      | Reached skill level 1 in Conjurations
  9085 | D:8      | Found a staircase to the Lair.
  9141 | D:8      | Reached skill level 1 in Shields
  9194 | D:8      | Reached skill level 5 in Fighting
  9425 | D:8      | Reached XP level 10. HP: 18/72 MP: 16/19
  9719 | D:8      | Reached skill level 5 in Dodging
  9719 | D:8      | Reached skill level 5 in Spellcasting
  9719 | D:8      | Reached skill level 5 in Conjurations
  9719 | D:8      | Reached skill level 5 in Translocations
  9719 | D:8      | Reached XP level 11. HP: 62/80 MP: 18/22
 10299 | Lair:1   | Entered Level 1 of the Lair of Beasts
 12818 | D:9      | Noticed Psyche
 12819 | D:9      | Killed Psyche
 14130 | Lair:1   | Reached XP level 12. HP: 51/96 MP: 1/27
 15118 | Lair:2   | Noticed Amaemon
 15129 | Lair:2   | Killed Amaemon
 15307 | Lair:2   | Noticed a boulder beetle
 15359 | Lair:2   | Killed a boulder beetle
 15491 | Lair:2   | Found a hole to the Spider Nest.
 16754 | Lair:2   | Noticed a boulder beetle
 16774 | Lair:2   | Killed a boulder beetle
 17159 | Lair:3   | Found a staircase to the Swamp.
 17430 | Lair:3   | Noticed Fannar
 17467 | Lair:3   | Killed Fannar
 17719 | Lair:3   | Killed from afar by a molten gargoyle

Illustrated notes

Levels and vault maps discovered:
D:1:      ldierk_walled_garden, layout_basic, corexii_hall_statues_t,
          minmay_pentomino_t4
D:2:      minmay_evil_eye, layout_basic, nrook_mini_vaults,
          kennysheep_generic_room_14, uniq_jessica, uniq_crazy_yiuf_cottage
D:3:      layout_basic, grunt_decor_fettered, uniq_natasha, uniq_ijyb,
          uniq_sigmund
D:4:      layout_loops_corners
D:5:      layout_rooms, mainiacjoe_overflow_alcove_1, led_xom_imps,
          minmay_temple_entry_grid, reono_crystal_passage, uniq_menkaure,
          uniq_duvessa
D:6:      layout_rooms, mainiacjoe_overflow_24_doors, lemuel_round_altar,
          nicolae_ossuary_entry_giza, kennysheep_diamond,
          lightli_corner_chamber, uniq_eustachio
D:7:      layout_cave_pools, minmay_shop_mayhem
D:8:      layout_loops_ring, dpeg_oklobed_lair, minivault_24
D:9:      layout_roguey [special_room_bee], mainiacjoe_overflow_alcove_2,
          nzn_random_ring, uniq_erolcha, uniq_prince_ribbit1, uniq_psyche
Lair:1:   layout_gridlike, portal_ice_cave_demonic_guard, st_stairs_6,
          dreamdust_mushroom_princess, chequers_serial_rivers_micro_c
Lair:2:   layout_roguey, spider_nest_entry_a, uniq_amaemon
Lair:3:   cheibrodos_magma_flow, layout_regular_city, swamp_mist, uniq_fannar

Skill      XL: |  1  2  3  4  5  6  7  8  9 10 11 12 |
---------------+-------------------------------------+-----
Short Blades   | 2 3 4 |  4.0
Dodging        | 2 3 4 5 6 |  6.7
Fighting       | 3 4 5 6 7 |  7.1
Stealth        | 5 6 |  6.2
Spellcasting   | 1 2 3 4 5 7 8 |  8.5
Translocations | 1 2 3 4 5 7 8 |  8.4
Ranged Weapons | 1 |  1.6
Transmutations | 5 7 |  7.9
Conjurations   | 2 5 7 8 |  8.2
Shields        | 1 3 4 |  4.0

Action                     |  1- 3 |  4- 6 |  7- 9 | 10-12 || total
---------------------------+-------+-------+-------+-------++-------
  Melee: Short sword       |    56 |    15 |       |       ||    71
         Dagger            |       |   168 |   325 |   353 ||   846
         Punch             |       |     3 |     4 |     7 ||    14
         Kick              |       |       |    51 |    47 ||    98
         Headbutt          |       |       |    34 |    23 ||    57
   Fire: Arbalest          |       |     8 |       |       ||     8
         Sling             |       |       |    66 |   143 ||   209
  Throw: Dart              |     8 |    22 |     7 |    23 ||    60
   Cast: Beastly Appendage |       |       |    17 |     7 ||    24
         Wereblood         |       |       |    16 |     8 ||    24
         Iskenderun's Myst |       |       |       |   114 ||   114
  Evoke: Wand              |       |       |    13 |     5 ||    18
    Use: Potion            |     1 |     1 |     7 |     8 ||    17
         Scroll            |       |    17 |     8 |    14 ||    39
   Stab: Sleeping          |     1 |    14 |     5 |     8 ||    28
         Paralysed         |       |       |     3 |       ||     3
         Distracted        |       |       |     2 |       ||     2
 Armour: Leather armour    |    15 |    39 |    48 |   136 ||   238
  Dodge: Dodged            |    34 |   110 |   170 |   307 ||   621
  Block: Buckler           |       |       |       |    34 ||    34
